 Dungeon Crawl Stone Soup version 0.28-a0-1412-gf95308ed99 (webtiles) character file.

Game seed: 6117884805971645255

394 YayAnonymity the Vandal (level 6, 0/44 HPs)
             Began as a Demonspawn Hunter on Jan 7, 2022.
             Succumbed to a scorpion's poison
             ... on level 4 of the Dungeon.
             The game lasted 00:07:33 (3179 turns).

YayAnonymity the Vandal (Demonspawn Hunter)         Turns: 3179, Time: 00:07:33

Health: 0/44       AC: 12    Str: 11 (14) XL:     6   Next: 52%
Magic:  2/2        EV: 13    Int:  9 (12) God:
Gold:   213        SH:  5    Dex: 13 (14) Spells: 5/5 levels left

rFire   . . .      SeeInvis .   b - +2 hand axe (antimagic)
rCold   . . .      Faith    .   (no shield)
rNeg    . . .      Spirit   .   c - +0 leather armour
rPois   .          Reflect  +   e - +2 helmet
rElec   .          Harm     .   (no cloak)
rCorr   .          Rampage  .   (no gloves)
Will    .....                   (no boots)
Stlth   +.........              g - amulet of reflection
HPRegen 0.14/turn               (no ring)
MPRegen 0.08/turn               (no ring)

@: lethally poisoned (0 -> -2), sanguine armoured, flying, hasted, invisible,
very quick
A: sanguine armour 1, demonic magic 2
a: no special abilities


You were on level 4 of the Dungeon.
You visited 1 branch of the dungeon, and saw 4 of its levels.

You collected 213 gold pieces.

Inventory:

Hand Weapons
 a - a +1 hunting sling
 b - a +2 antimagic hand axe (weapon)
Missiles
 d - 17 sling bullets
 h - 57 stones (quivered)
Armour
 c - a +0 leather armour (worn)
 e - a +2 helmet (worn)
Jewellery
 g - an amulet of reflection (around neck)
Wands
 p - a wand of charming (5)
 r - a wand of paralysis (9)
Scrolls
 i - 3 scrolls of teleportation {unknown}
 j - 2 scrolls of identify {unknown}
 k - 2 scrolls of fog {unknown}
 l - a scroll of brand weapon {unknown}
 n - a scroll of amnesia {unknown}
 q - a scroll of torment {unknown}


   Skills:
 - Level 2.0 Fighting
 + Level 5.7 Slings
 + Level 4.6 Dodging
 - Level 0.8 Stealth


You had 5 spell levels left.
You didn't know any spells.
Your spell library contained the following spells:

 Spells                   Type           Power      Damage    Failure   Level
 Ozocubu's Armour         Ice            0%         N/A       85%         3
 Metabolic Englaciation   Hex/Ice        0%         N/A       100%        5
 Simulacrum               Ice/Necr       0%         N/A       100%        6


Dungeon Overview and Level Annotations

Branches:
Dungeon (4/15)
 Temple: D:4-7

Altars:
Xom

Shops:
D:3 ?   D:4 ((![


Innate Abilities, Weirdness & Mutations

When seriously injured, your blood forms armour. (AC +6)
Spells you cast may paralyse nearby enemies.


Message History

You are too injured to fight recklessly!
You hit the scorpion but do no damage.
The scorpion is lightly wounded.
* * * LOW HITPOINT WARNING * * *
You feel sick. The scorpion closely misses you.
You hit the scorpion.
The scorpion is moderately wounded.
* * * LOW HITPOINT WARNING * * *
You feel sick. You block the scorpion's attack.
It was a potion of flight.
You feel very buoyant.
You fly up into the air.
* * * LOW HITPOINT WARNING * * *
You feel sick. The scorpion closely misses you.
It was a potion of degeneration.
There was something very wrong with that liquid.
You feel weakened.
You feel dopey.
You feel clumsy.
* * * LOW HITPOINT WARNING * * *
You feel sick.
It was a potion of invisibility.
You fade into invisibility!
* * * LOW HITPOINT WARNING * * *
You feel sick. You block the scorpion's attack.
You catch the helpless scorpion completely off-guard!
You hit the scorpion.
The scorpion is severely wounded.
* * * LOW HITPOINT WARNING * * *
You feel sick.
* * * LOW HITPOINT WARNING * * *
You feel sick.
You see here a sling bullet.
You hit the scorpion.
You kill the scorpion!
* * * LOW HITPOINT WARNING * * *
You feel sick.
You see here a scorpion corpse.
Okay, then.
Unknown command.
There is a lethal amount of poison in your body!
You die...

#.# #### #####.# ..# ..##.#
######### #.# #.##.#####.......#
####.# ###.#..........###.# #
#..... <.......####.#.# #.#
#.##.##.# ###......# #.#.# #(#
#.>.....# #.#...## #.#.###(#
####.#### ###.##.## #....@†.# #.#
....##.# ###.##### #.# ######.#
#..######## ##.# # #+##
###.#.......# #..# # ##...##
..##.......# #8.# # ##.....###
#.#.......####<.### ###.......##.
#........#.8.∩.8.##
##.........#.##..........##.#...#
.'.........+...............8.....


There were no monsters in sight!

Vanquished Creatures
  A necrophage (D:4)
  A scorpion (D:4)
  An orc wizard (D:3)
  Ijyb (D:3)
  Terence (D:2)
  6 adders
  3 gnolls (D:4)
  4 worms
  2 dart slugs
  5 orcs (D:3)
  3 bats
  5 endoplasms
  A giant cockroach (D:3)
  6 goblins
  5 hobgoblins
  6 jackals
  5 kobolds
  4 quokkas
  4 ball pythons
  A rat (D:1)
65 creatures vanquished.

Notes
Turn   | Place    | Note
-------+----------+-------------------------------------------
     0 | D:1      | YayAnonymity the Demonspawn Hunter began the quest for the
                  | Orb.
     0 | D:1      | Reached XP level 1. HP: 16/16 MP: 1/1
     1 | D:1      | You fall into a shaft and drop 1 floor!
   100 | D:1      | Gained mutation: Spells you cast may paralyse adjacent
                  | enemies. [demonic ancestry]
   100 | D:1      | Reached XP level 2. HP: 22/22 MP: 2/2
   405 | D:1      | Reached skill level 4 in Slings
   605 | D:1      | Reached XP level 3. HP: 21/27 MP: 3/3
   722 | D:2      | Found a shimmering altar of Xom.
   818 | D:2      | Noticed Terence
   901 | D:2      | Killed Terence
   902 | D:2      | Reached XP level 4. HP: 9/33 MP: 2/4
  1861 | D:3      | Found Ride's Magic Scroll Emporium.
  1908 | D:3      | Gained mutation: Spells you cast may paralyse nearby
                  | enemies. [demonic ancestry]
  1908 | D:3      | Reached XP level 5. HP: 32/38 MP: 1/5
  2103 | D:3      | Noticed Ijyb
  2110 | D:3      | Paralysed by Ijyb for 4 turns
  2116 | D:3      | Killed Ijyb
  2117 | D:3      | Reached skill level 5 in Slings
  2586 | D:4      | Noticed a necrophage
  2586 | D:4      | Found Xahipneo's Armour Boutique.
  2598 | D:4      | Killed a necrophage
  2599 | D:4      | Gained mutation: When seriously injured, your blood forms
                  | armour. (AC +6) [demonic ancestry]
  2599 | D:4      | Reached XP level 6. HP: 29/44 MP: 2/6
  2754 | D:4      | Found Zisoocw's Weapon Emporium.
  2873 | D:4      | Found Popha's Distillery.
  2912 | D:4      | Found Wovemuk's Weapon Boutique.
  3176 | D:4      | HP: 2/44 [poisoned by a scorpion]
  3179 | D:4      | Succumbed to a scorpion's poison

Illustrated notes

Levels and vault maps discovered:
D:1:      heliophobic_arrival_henge, layout_rooms, fountainhead
D:2:      layout_rooms, basic_altar, uniq_terence
D:3:      layout_loops_ring, serial_shops, nicolae_diamond_shop, uniq_ijyb
D:4:      layout_loops_corners, serial_shops, shop, nicolae_shop_statue_plus,
          shop, nicolae_shop_bloodbath_and_beyond

Skill      XL: |  1  2  3  4  5 |
---------------+----------------+-----
Dodging        | 2 3 4 |  4.6
Slings         | 4 5 |  5.7
Fighting       | |  2.0
Stealth        | |  0.8

Action                   |  1- 3 |  4- 6 || total
-------------------------+-------+-------++-------
Melee: Short sword       |    37 |       ||    37
       Punch             |     1 |       ||     1
       Hand axe          |       |    45 ||    45
 Fire: Hunting sling     |    61 |   102 ||   163
  Use: Potion            |       |     4 ||     4
 Stab: Invisible         |       |     1 ||     1
Armor: Leather armour    |    11 |    18 ||    29
Dodge: Dodged            |    31 |    31 ||    62
Block: Other             |    10 |    26 ||    36
       Reflection        |     2 |     1 ||     3

Table legend: (Time is in decaauts)
 A = Elapsed time spent in this place.
 B = Non-inter-level travel time spent in this place.
 C = Inter-level travel time spent in this place.
 D = Time resting spent in this place.
 E = Time spent auto-exploring this place.
 F = Levels seen in this place.
 G = Mean time per level.
                   A        B        C        D        E       F      G
               +--------+--------+--------+--------+--------+-----+--------+
         Total |   3177 |   3042 |    135 |      0 |   2421 |   4 |  794.2 |
       Dungeon |   3177 |   3042 |    135 |      0 |   2421 |   4 |  794.2 |
               +--------+--------+--------+--------+--------+-----+--------+

Top non-repeatable levels by time:
     D:3: 1064 daAuts
     D:2: 922 daAuts
     D:4: 600 daAuts
     D:1: 591 daAuts
